 Dungeon Crawl Stone Soup version 0.20.2 (webtiles) character file.

344 Alfie the Shooter (level 6, -5/52 HPs)
             Began as a Minotaur Hunter on Apr 18, 2020.
             Killed from afar by an orc wizard (11 damage)
             ... with a puff of flame
             ... on level 4 of the Dungeon.
             The game lasted 00:07:50 (2219 turns).

Alfie the Shooter (Minotaur Hunter)                 Turns: 2219, Time: 00:07:51

Health: -5/52      AC:  4    Str: 18    XL:     6   Next: 31%
Magic:  5/5        EV: 18    Int:  8    God:
Gold:   160        SH:  0    Dex: 16    Spells: 5/5 levels left

rFire    . . .     SeeInvis .   b - +1 short sword
rCold    . . .     Gourm    .   (no shield)
rNeg     . . .     Faith    .   c - +1 leather armour
rPois    .         Spirit   .   (helmet restricted)
rElec    .         Reflect  .   (no cloak)
rCorr    .         Harm     .   (no gloves)
MR       .....                  (no boots)
Stlth    +++.......             (no amulet)
Regen    0.2/turn               (no ring)
MPRegen  0.1/turn               (no ring)

@: agile
A: retaliatory headbutt, horns 2
a: no special abilities


You were on level 4 of the Dungeon.
You were not hungry.

You visited 1 branch of the dungeon, and saw 4 of its levels.

You collected 160 gold pieces.

Inventory:

Hand Weapons
 a - a +1 shortbow
 b - a +1 short sword (weapon)
Missiles
 d - 7 arrows
Armour
 c - a +1 leather armour (worn)
Scrolls
 e - 3 scrolls of identify
 i - a scroll of teleportation
Potions
 h - a potion of heal wounds {unknown}
 l - a potion of mutation {unknown}
 m - 2 potions of agility
Books
 g - a book of Cantrips

   Spells                             Type                      Level
   a - Confusing Touch                Hexes                        1
   b - Animate Skeleton               Necromancy                   1
   c - Summon Small Mammal            Summoning                    1
   d - Apportation                    Translocation                1
Comestibles
 f - 3 bread rations
 n - 3 fruits


   Skills:
 + Level 3.7 Fighting
 + Level 2.0 Short Blades
 + Level 6.8 Bows
 + Level 2.6 Armour
 + Level 2.7 Dodging
 + Level 1.0 Stealth


You had 5 spell levels left.
You didn't know any spells.

Dungeon Overview and Level Annotations

Branches:
Dungeon (4/15)
 Temple: D:4-7

Altars:
Ashenzari
Elyvilon
Kikubaaqudgha
Ru
Trog
Vehumet


Innate Abilities, Weirdness & Mutations

You reflexively headbutt those who attack you in melee.
You have a pair of horns on your head.


Message History

A puff of flame appears from out of thin air!
The puff of flame misses you.
You completely miss something. Your headbutt misses something.
Something hits you.
* * * LOW HITPOINT WARNING * * *
You closely miss something. Your headbutt misses something. Something hits you.
* * * LOW HITPOINT WARNING * * *
You barely miss something. You headbutt something.
Something hits you but does no damage.
You barely miss something. Something hits you but does no damage.
You hit something but do no damage. You headbutt something.
Something hits you but does no damage.
You closely miss something. You headbutt something! Something hits you.
* * * LOW HITPOINT WARNING * * *
It was a potion of agility.
You feel agile all of a sudden.
You hear some strange, mumbled words.
A puff of flame appears from out of thin air!
The puff of flame hits you!
You die...

#......#..#..###
.................#
#.#..<#.##..#..#.###
..................#
#.#.######..#..#.###
.... #..#..#.# .#
#..#..#.###
#..#......#
######..#@##.###
........#{##.###
#......(.....#
###...#.#..###
#...#.#..#
.####...#(#..#
...............#
..........#.#..#
#..............#


There were no monsters in sight!

Vanquished Creatures
  The ghost of Alfie the Shooter, an amateur MiHu (D:3)
  A bullfrog (D:4)
  A worker ant (D:4)
  3 gnolls (D:3)
  An adder (D:3)
  A worm (D:2)
  A dart slug (D:3)
  A leopard gecko (D:4)
  9 orcs
  8 bats
  5 giant cockroaches
  3 hobgoblins (D:1)
  8 jackals
  2 quokkas
  2 ball pythons
  2 frilled lizards
  5 goblins
  4 kobolds (D:2)
  13 rats
71 creatures vanquished.

Notes
Turn   | Place    | Note
-------+----------+-------------------------------------------
     0 | D:1      | Alfie the Minotaur Hunter began the quest for the Orb.
     0 | D:1      | Reached XP level 1. HP: 18/18 MP: 0/0
   109 | D:1      | Reached XP level 2. HP: 21/25 MP: 1/1
   243 | D:1      | Reached skill level 5 in Bows
   610 | D:2      | Found a shattered altar of Ashenzari.
   677 | D:2      | Found a radiant altar of Vehumet.
   733 | D:2      | Reached XP level 3. HP: 30/30 MP: 2/2
   734 | D:2      | Found an ancient bone altar of Kikubaaqudgha.
   851 | D:2      | Noticed a moth of wrath
   854 | D:2      | Found a bloodstained altar of Trog.
  1319 | D:3      | Reached skill level 1 in Armour
  1391 | D:3      | Found a white marble altar of Elyvilon.
  1409 | D:3      | Reached XP level 4. HP: 37/37 MP: 3/3
  1472 | D:3      | Noticed Alfie's ghost (amateur MiHu)
  1490 | D:3      | Killed Alfie's ghost
  1490 | D:3      | Reached skill level 1 in Short Blades
  1490 | D:3      | Reached skill level 6 in Bows
  1490 | D:3      | Reached XP level 5. HP: 22/45 MP: 4/4
  1495 | D:3      | Found a sacrificial altar of Ru.
  2137 | D:4      | Reached XP level 6. HP: 37/51 MP: 5/5
  2206 | D:4      | Reached skill level 1 in Stealth
  2219 | D:4      | Killed from afar by an orc wizard

Skill      XL: |  1  2  3  4  5  6 |
---------------+-------------------+-----
Bows           | 5 6 |  6.8
Armour         | 1 2 |  2.6
Fighting       | 3 |  3.7
Short Blades   | 1 2 |  2.0
Stealth        | 1 |  1.0
Dodging        | |  2.7

Action                   |  1- 3 |  4- 6 || total
-------------------------+-------+-------++-------
Melee: Short sword       |    27 |    49 ||    76
       Headbutt          |     1 |     8 ||     9
 Fire: Shortbow          |    89 |    26 ||   115
  Use: Scroll            |     4 |     5 ||     9
       Potion            |     1 |     2 ||     3
 Stab: Sleeping          |       |     2 ||     2
  Eat: Bread ration      |     1 |       ||     1
Armor: Leather armour    |    20 |    13 ||    33
Dodge: Dodged            |    42 |    29 ||    71
